 Dungeon Crawl Stone Soup version 0.20.1-1-g8b1a95d (webtiles) character file.

200 gobwax the Firebug (level 5, -2/31 HPs)
             Began as an Octopode Fire Elementalist on July 21, 2017.
             Slain by an orc
             ... wielding a +0 dagger
              (5 damage)
             ... on level 3 of the Dungeon.
             The game lasted 00:06:11 (2092 turns).

gobwax the Firebug (Octopode Fire Elementalist)     Turns: 2092, Time: 00:06:12

Health: -2/31      AC:  1    Str:  8    XL:     5   Next: 79%
Magic:  1/10       EV: 14    Int: 18    God:
Gold:   110        SH:  0    Dex: 12    Spells: 4/10 levels left

rFire    . . .     SeeInvis .   (no weapon)
rCold    . . .     Gourm    .   (no shield)
rNeg     . . .     Faith    .   (helmet restricted)
rPois    .         Spirit   .   (no amulet)
rElec    .         Reflect  .   e - +1 ring of evasion
rCorr    .         Harm     .   (no ring)
MR       .....                  (no ring)
Stlth    +++.......             (no ring)
Regen    0.1/turn               (no ring)
MPRegen  0.2/turn               (no ring)
                                (no ring)
                                (no ring)

@: no status effects
A: almost no armour, stealthy swim, amphibious, 8 rings, constrict 8, camouflage
1, gelatinous body 1
a: no special abilities


You were on level 3 of the Dungeon.
You were not hungry.

You visited 1 branch of the dungeon, and saw 3 of its levels.

You collected 110 gold pieces.

Inventory:

Jewellery
 e - a +1 ring of evasion (left tentacle)
Scrolls
 c - 2 scrolls of recharging {unknown}
 d - 4 scrolls of teleportation {unknown}
 f - 2 scrolls of fear {unknown}
 h - 2 scrolls of remove curse {unknown}
 i - 4 scrolls of identify {unknown}
 k - a scroll of magic mapping {unknown}
 l - a scroll of noise {unknown}
 m - a scroll of enchant armour {unknown}
 n - a scroll of enchant weapon {unknown}
 p - a scroll of amnesia {unknown}
 r - 2 scrolls of random uselessness {unknown}
Potions
 j - a potion of might
 o - a potion of heal wounds {unknown}
 q - 2 potions of agility {unknown}
Books
 a - a book of Flames

   Spells                             Type                      Level
   a - Flame Tongue                   Conjuration/Fire             1
   b - Throw Flame                    Conjuration/Fire             2
   c - Conjure Flame                  Conjuration/Fire             3
   d - Inner Flame                    Hexes/Fire                   3
   e - Sticky Flame                   Conjuration/Fire             4
   f - Fireball                       Conjuration/Fire             5
Comestibles
 b - 2 bread rations
 g - a meat ration


   Skills:
 - Level 2.0 Dodging
 - Level 2.6 Stealth
 + Level 3.3 Spellcasting
 * Level 2.7 Conjurations
 + Level 4.7 Fire Magic


You had 4 spell levels left.
You knew the following spells:

 Your Spells              Type           Power        Failure   Level  Hunger
a - Flame Tongue          Conj/Fire      ###..        3%          1    None
b - Throw Flame           Conj/Fire      ###...       4%          2    ##.....
c - Conjure Flame         Conj/Fire      ###.....     10%         3    ###....


Dungeon Overview and Level Annotations

Branches:
Dungeon (3/15)

Altars:
The Shining One


Innate Abilities, Weirdness & Mutations

You cannot wear most types of armour.
You are very stealthy in the water. (Stealth+)
You are amphibious.
You can wear up to eight rings at the same time.
You can use your tentacles to constrict eight enemies at once.
Your skin changes colour to match your surroundings (Stealth+).
Your rubbery body absorbs attacks. (AC +1, EV +1)


Message History

The puff of flame hits you!
* * * LOW HITPOINT WARNING * * *
An adder comes into view.
Casting: Flame Tongue
Confirm with . or Enter, or press ? or * to list all spells.
Aiming: Flame Tongue
Press: ? - help, Shift-Dir - straight line The flame tongue hits something.
Reactivating autopickup.
You feel a bit more experienced. The hobgoblin hits you with a club.
* * * LOW HITPOINT WARNING * * *
Casting: Flame Tongue
Confirm with . or Enter, or press ? or * to list all spells.
Aiming: Flame Tongue
Press: ? - help, Shift-Dir - straight line The flame tongue misses the orc.
The flame tongue misses the adder.
The hobgoblin hits you with a club.
* * * LOW HITPOINT WARNING * * *
The orc hits you with a dagger.
You die...

..............#
+...............†' ##
#................# ..
#................# #.
#..........###...( #.
#..........# #..†. #.
#...[..†...# #....
######.##.o........###....
(....)†So@g...>......'....
#.#########...########....
#.#.# #.... ...#.# #....
#####+# #.... ##....
#..... #...## #...#


You could see an adder, 2 orcs and a hobgoblin.

Vanquished Creatures
  3 orc wizards (D:3)
  A gnoll (D:1)
  4 adders
  2 worms
  A dart slug (D:1)
  6 orcs (D:3)
  6 bats
  3 giant cockroaches
  6 goblins
  5 hobgoblins
  2 jackals (D:2)
  8 kobolds
  A quokka (D:2)
  A ball python (D:1)
  3 frilled lizards
  10 rats
62 creatures vanquished.

Notes
Turn   | Place    | Note
-------+----------+-------------------------------------------
     0 | D:1      | gobwax the Octopode Fire Elementalist began the quest for the Orb.
     0 | D:1      | Reached XP level 1. HP: 11/11 MP: 3/3
   171 | D:1      | Reached XP level 2. HP: 6/17 MP: 0/5
   617 | D:1      | Reached XP level 3. HP: 21/21 MP: 3/6
   742 | D:1      | Reached skill level 4 in Fire Magic
   776 | D:1      | Learned a level 2 spell: Throw Flame
   780 | D:1      | Learned a level 3 spell: Conjure Flame
  1014 | D:2      | Reached XP level 4. HP: 20/27 MP: 0/7
  1784 | D:3      | Reached XP level 5. HP: 25/31 MP: 6/9
  1966 | D:3      | Found a glowing golden altar of the Shining One.
  2092 | D:3      | Slain by an orc

Skill      XL: |  1  2  3  4  5 |
---------------+----------------+-----
Fire Magic     | 4 |  4.7
Conjurations   | 2 |  2.7
Spellcasting   | 3 |  3.3
Dodging        | |  2.0
Stealth        | |  2.6

Action                   |  1- 3 |  4- 6 || total
-------------------------+-------+-------++-------
Melee: Unarmed           |    25 |    14 ||    39
       Constrict         |     9 |     4 ||    13
       Tentacles         |     6 |     2 ||     8
 Cast: Flame Tongue      |    42 |    53 ||    95
       Conjure Flame     |     1 |       ||     1
  Use: Potion            |       |     2 ||     2
 Stab: Sleeping          |       |     1 ||     1
  Eat: Chunk             |     1 |     3 ||     4
Armor: Skin              |     3 |     2 ||     5
Dodge: Dodged            |    34 |    20 ||    54
